 Dungeon Sprint DCSS version 0.31-a0-358-gac0dbeb3ab (webtiles) character file.

Game seed: 7232102206995018559

686 EC1 the Protected (level 7, -14/74 HPs)
             Began as a Minotaur Fighter on July 26, 2023.
             Demolished by a boulder beetle (21 damage)
             ... in the Dungeon (Sprint II: "The Violet Keep of Menkaure").
             The game lasted 00:03:28 (375 turns).

EC1 the Protected (Minotaur Fighter)                 Turns: 375, Time: 00:03:28

Health: -14/74     AC: 11    Str: 22    XL:     7   Next: 35%
Magic:  6/6        EV: 10    Int: 11    God:
Gold:   6          SH:  8    Dex: 10    Spells: 6/6 levels left

rFire   x . .        m - +0 broad axe
rCold   . . .        f - +2 buckler of the Eternal Void {+Blink rF- Int+6}
rNeg    . . .        k - +1 scale mail {rPois}
rPois   +            (helmet restricted)
rElec   .            (no cloak)
rCorr   .            (no gloves)
SInv    .            l - +0 pair of boots
Will    .....        (no amulet) Stlth
                     (no ring)
HPRegen 0.32/turn    (no ring)
MPRegen 0.10/turn

%: no teleportation
@: very slow
A: horns 2, retaliatory headbutt
a: Evoke Blink


You were in the Dungeon.
You visited 1 branch You collected 486 gold pieces.
You spent 480 gold pieces at shops.

Inventory:

Hand Weapons
 a - a +0 flail
 m - a +0 broad axe (weapon)
Armour
 b - a +0 scale mail
 c - a +0 buckler
 f - the +2 buckler of the Eternal Void (worn) {+Blink rF- Int+6}
   (You bought it in a shop in the Dungeon)

   Int:       It affects your intelligence (+6).
   rF:        It makes you vulnerable to fire.
   +Blink:    It lets you blink.
 k - a +1 scale mail of poison resistance (worn)
 l - a +0 pair of boots (worn)
Scrolls
 j - a scroll of blinking
 n - a scroll of fear
Potions
 d - a potion of might
 e - a potion of curing
 g - a potion of haste
 h - 2 potions of magic
 i - a potion of berserk rage


   Skills:
 + Level 11.0 Fighting
 + Level 6.6 Maces & Flails
 + Level 11.4 Armour
 + Level 1.0 Dodging
 + Level 10.9 Shields


You had 6 spell levels left.
You didn't know any spells.
Your spell library was empty.

Dungeon Overview and Level Annotations

Branches:
Dungeon (1/1)

Altars:
Wu Jian
The Shining One

Shops:
D :(?:*?:[=(![==!

Annotations:
D exclusion: oklob plant


Innate Abilities, Weirdness & Mutations

You have a pair of horns on your head.
You reflexively headbutt those who attack you in melee.


Message History

n - a scroll of fear Thank you for shopping at Evin's General Store!
There is an entrance to Giramn's Jewellery Boutique here.
There is an entrance to Mele Suluts's Distillery here.
You open the door.
There is an open door here.
You enter the shallow water.
Moving in this stuff is going to be slow.
You close the door.
You open the door.
The boulder beetle curls into a ball and begins rolling!
There are monsters nearby!
The boulder beetle leaps!
Your unstable footing causes you to fumble your attack.
The boulder beetle completely misses you.
The boulder beetle stops rolling and uncurls.
The boulder beetle bites you!
The boulder beetle bites you but does no damage. x2
There is an open door here.
You enter the shallow water.
Moving in this stuff is going to be slow.
You block the boulder beetle's attack.
The boulder beetle bites you but does no damage.
You block the boulder beetle's attack.
You completely miss the boulder beetle.
You hit the boulder beetle but do no damage.
The boulder beetle barely misses you. You block the boulder beetle's attack.
The boulder beetle bites you!!
The boulder beetle attacks as you move away!
You block the boulder beetle's attack. x2
You hit the boulder beetle but do no damage.
You headbutt the boulder beetle, but do no damage.
The boulder beetle leaps!
The boulder beetle curls into a ball and begins rolling!
The boulder beetle hits you!!
* * * LOW HITPOINT WARNING * * *
The boulder beetle stops rolling and uncurls.
Your unstable footing causes you to fumble your attack.
The boulder beetle bites you!!
You die... ..∩.∩..#~# #l##.##†..#..# ...∩.∩.+~+ #+.<.'†##+†.### ....∩.∩#~# #l##.##...#....# ▓▓▓▓▓###~##. ##+###.##§.....~~ Eh######~~####.#$####B~.....~#+ .h#HH

##~~~#.. ..#~~~~~~§..~#.
P(+H.#+ #†#~##.#.##~§§~~~~§§~#_
?$#?##§##)#~~##'##~~~§§≈~~~~~#.
.$###§≈§####~~~B@~~~~§≈§≈§~~~#_
+###§§≈≈ #+++#+++#~≈≈≈§§§≈§#


SSSSS ≈≈# ≈≈≈SSS≈≈≈ # +§≈§§§≈≈≈≈≈≈+ ##§§§§≈≈≈≈≈## ##≈≈§≈≈≈§## ####+#### You
could see 2 boulder beetles and 5 electric eels.

Vanquished Creatures
  2 water moccasins (D)
  5 scorpions (D)
  4 necrophages (D)
11 creatures vanquished.

Vanquished Creatures (others)
  Menkaure (D)
1 creature vanquished.

Grand Total: 12 creatures vanquished

Notes
Turn   | Place    | Note
-------+----------+-------------------------------------------
     0 | D        | EC1 the Minotaur Fighter began the quest for the Orb.
     0 | D        | Reached XP level 1. HP: 19/19 MP: 0/0
     1 | D        | Noticed a wyvern
     1 | D        | Noticed a wyvern
     4 | D        | Noticed a boulder beetle
     4 | D        | Noticed a boulder beetle
     7 | D        | Noticed a necrophage
     7 | D        | Noticed a necrophage
     7 | D        | Noticed a necrophage
     7 | D        | Noticed a necrophage
    15 | D        | Killed a necrophage
    16 | D        | Reached XP level 2. HP: 16/30 MP: 1/1
    16 | D        | Reached XP level 3. HP: 19/37 MP: 2/2
    19 | D        | Killed Menkaure
    22 | D        | Killed a necrophage
    23 | D        | Reached XP level 4. HP: 36/47 MP: 3/3
    29 | D        | Killed a necrophage
    30 | D        | Reached XP level 5. HP: 29/53 MP: 4/4
    49 | D        | Noticed a water moccasin
   127 | D        | Reached skill level 5 in Maces & Flails
   127 | D        | Reached XP level 6. HP: 57/63 MP: 5/5
   130 | D        | Reached skill level 10 in Armour
   134 | D        | Reached skill level 10 in Fighting
   134 | D        | Reached skill level 10 in Shields
   141 | D        | Noticed a flying skull
   141 | D        | Noticed a flying skull
   141 | D        | Noticed a flying skull
   141 | D        | Noticed a flying skull
   141 | D        | Noticed a flying skull
   141 | D        | Noticed a flying skull
   142 | D        | Noticed a flying skull
   142 | D        | Noticed a flying skull
   142 | D        | Noticed a flying skull
   142 | D        | Noticed a flying skull
   142 | D        | Noticed a flying skull
   143 | D        | Noticed a flying skull
   143 | D        | Noticed a water moccasin
   152 | D        | Killed a water moccasin
   153 | D        | Reached XP level 7. HP: 58/73 MP: 6/6
   215 | D        | Found a glowing golden altar of the Shining One.
   215 | D        | Found an ornate altar of the Wu Jian Council.
   231 | D        | Found Tebo Its's Jewellery Shop.
   231 | D        | Found Baovaz's Jewellery Boutique.
   231 | D        | Found Paih Ule's Distillery.
   232 | D        | Found Mele Suluts's Distillery.
   232 | D        | Found Yprinof's Antique Armour Boutique.
   233 | D        | Found Uguall's Antique Armour Shop.
   233 | D        | Found Gytat's Book Boutique.
   233 | D        | Found Giramn's Jewellery Boutique.
   233 | D        | Found Dowol's Antique Weapon Shop.
   234 | D        | Found Evin's General Store.
   234 | D        | Found Ivvio's Book Boutique.
   234 | D        | Found Jupraemm's Magic Scroll Boutique.
   235 | D        | Found Kyosay's Magic Scroll Shop.
   235 | D        | Found Vaomm's Antique Weapon Boutique.
   249 | D        | Reached skill level 1 in Dodging
   273 | D        | Noticed an oklob plant
   274 | D        | Found Tiroune's Book Shoppe.
   274 | D        | Noticed an iron elemental
   279 | D        | Noticed a manticore
   281 | D        | Noticed a manticore
   283 | D        | Noticed a manticore
   300 | D        | Bought an encrusted buckler for 152 gold pieces
   300 | D        | Identified the +2 buckler of the Eternal Void {+Blink rF-
                  | Int+6} (You bought it in a shop in the Dungeon)
   300 | D        | Bought a shiny scale mail for 112 gold pieces
   300 | D        | Bought a pair of boots for 72 gold pieces
   327 | D        | Bought a broad axe for 92 gold pieces
   340 | D        | Bought a scroll of fear for 52 gold pieces
   375 | D        | Demolished by a boulder beetle

Illustrated notes

Levels and vault maps discovered:
D:        the_violet_keep_of_menkaure [sprint2_stairs_cluster_1,
          sprint2_shoproom, sprint2_temple, sprint2_basic_supplies,
          sprint2_obstacle_7, sprint2_obstacle_2, sprint2_obstacle_1,
          sprint2_obstacle_3, sprint2_obstacle_4, sprint2_timed_cluster_1,
          sprint2_smallroom_cluster_1, sprint2_smallroom_final_cluster_1,
          sprint2_transparent_cluster_1, sprint2_second_timed_cluster_1,
          sprint2_sniper_area_1, sprint2_heavy_combat_area_1,
          sprint2_mutation_trap_area_1, sprint2_forest_area_1,
          sprint2_light_combat_area_1, sprint2_behind_water_1,
          sprint2_near_end_vault_1]

Skill      XL: |  1  2  3  4  5  6  7 |
---------------+----------------------+-----
Fighting       | 6 7 8 9 10 11 | 11.0
Maces & Flails | 3 4 5 6 |  6.6
Armour         | 6 7 8 9 11 | 11.4
Shields        | 6 7 8 9 10 | 10.9
Dodging        | 1 |  1.0

Action                     |  1- 3 |  4- 6 |  7- 9 || total
---------------------------+-------+-------+-------++-------
  Melee: Flail             |    13 |    33 |     9 ||    55
         Headbutt          |     4 |     5 |     2 ||    11
         Broad axe         |       |       |     4 ||     4
    Use: Potion            |     1 |       |       ||     1
 Armour: Scale mail        |     6 |    13 |     6 ||    25
  Dodge: Dodged            |     4 |    20 |     6 ||    30
  Block: Buckler           |       |     3 |     6 ||     9

Table legend: (Time is in decaauts)
 A = Elapsed time spent in this place.
 B = Non-inter-level travel time spent in this place.
 C = Inter-level travel time spent in this place.
 D = Time resting spent in this place.
 E = Time spent auto-exploring this place.
 F = Levels seen in this place.
 G = Mean time per level.
                   A        B        C        D        E       F      G
               +--------+--------+--------+--------+--------+-----+--------+
         Total |    419 |    419 |      0 |    105 |      0 |   1 |  419.0 |
       Dungeon |    419 |    419 |      0 |    105 |      0 |   1 |  419.0 |
               +--------+--------+--------+--------+--------+-----+--------+

Top non-repeatable levels by time:
       D: 419 daAuts
